 Dungeon Sprint DCSS version 0.23.2-1-ga50397a6bc (webtiles) character file.

Game seed: 841206673685985051

292 Kobolds4U the Carver (level 6, 0/47 HPs)
             Began as a Demonspawn Berserker on May 21, 2019.
             Was a Believer of Trog.
             Slain by a yak (4 damage)
             ... in the Dungeon (Sprint I: "Red Sonja").
             The game lasted 00:00:47 (427 turns).

Kobolds4U the Carver (Demonspawn Berserker)          Turns: 427, Time: 00:00:48

Health: 0/47       AC:  3    Str: 17    XL:     6   Next: 10%
Magic:  6/6        EV: 12    Int:  8    God:    Trog [**....]
Gold:   297        SH:  0    Dex: 15    Spells: 5/5 levels left

rFire    . . .     SeeInvis .   a - +0 falchion
rCold    . . .     Gourm    .   (no shield)
rNeg     . . .     Faith    .   k - +0 leather armour
rPois    .         Spirit   .   (helmet restricted)
rElec    .         Reflect  .   (no cloak)
rCorr    .         Harm     .   (no gloves)
MR       .....     NoTele   +   (no boots)
Stlth    +.........             (no amulet)
HPRegen  0.15/turn              (no ring)
MPRegen  0.10/turn              (no ring)

@: no status effects
A: antennae 2, foul stench 2, rot immunity
a: Berserk, Trog's Hand, Renounce Religion


You were in the Dungeon.
You worshipped Trog.
Trog was pleased with you.
You were hungry.

You visited 1 branch You collected 297 gold pieces.

Inventory:

Hand Weapons
 a - a +0 falchion (weapon)
 b - a cursed +0 long sword
Armour
 k - a +0 leather armour (worn)
Wands
 j - a wand of paralysis (8)
Scrolls
 i - a scroll of blinking
Potions
 d - a potion of curing
 e - a potion of heal wounds
 f - a potion of haste
 g - 2 potions of magic
 h - a potion of berserk rage
Comestibles
 c - 2 rations


   Skills:
 - Level 3.0 Fighting
 * Level 11.8 Long Blades
 - Level 1.7 Armour
 - Level 1.7 Dodging


You had 5 spell levels left.
You didn't know any spells.
Your spell library was empty.

Dungeon Overview and Level Annotations

Branches:
Dungeon (1/1)

Altars:
Cheibriados
Dithmenos
Elyvilon
Fedhas
Gozag
Hepliaklqana
Kikubaaqudgha
Okawaru
Qazlal
Ru
Sif Muna
Trog
Uskayaw
Vehumet
Wu Jian
Yredelemnul
Zin
The Shining One

Shops:
D %


Innate Abilities, Weirdness & Mutations

You have a pair of antennae on your head.
You frequently emit foul miasma when damaged in melee.
You are immune to rotting.


Message History

You hit the yak.
The yak is heavily wounded.
The yak gores you.
You hit the yak.
The yak is severely wounded.
You hit the yak.
The yak is severely wounded.
The yak gores you!
* * * LOW HITPOINT WARNING * * *
You closely miss the yak.
The yak is severely wounded.
You are feeling hungry.
The yak closely misses you.
You riposte.
You hit the yak.
The yak is almost dead.
You barely miss the yak.
The yak is almost dead.
You hit the yak.
The yak is almost dead.
The yak gores you.
You die...

################
#<.#.[)..#.)'..#
#..'..#..'..#..+
{
#..#####'#####'#
#..# #..#...#.#
#..#__####..##.#
#..#_____##'#_.+
#⌠⌠#_.∩..Y@..._#
####_..__##_.#'#
#____ ##+#.#
#### ### { {


You could see a yak.

Vanquished Creatures
  Sigmund (D)
  An ogre (D)
  A jelly (D)
  Ijyb (D)
4 creatures vanquished.

Notes
Turn   | Place    | Note
-------+----------+-------------------------------------------
     0 | D        | Kobolds4U the Demonspawn Berserker began the quest for the
                  | Orb.
     0 | D        | Reached XP level 1. HP: 18/18 MP: 1/1
     1 | D        | Noticed Ijyb
    19 | D        | Killed Ijyb
    19 | D        | Reached skill level 5 in Long Blades
    19 | D        | Gained mutation: You are immune to rotting. [demonic
                  | ancestry]
    19 | D        | Reached XP level 2. HP: 19/24 MP: 2/2
   145 | D        | Noticed an ogre
   149 | D        | Killed an ogre
   149 | D        | Reached skill level 8 in Long Blades
   149 | D        | Gained mutation: You may emit foul miasma when damaged in
                  | melee. [demonic ancestry]
   149 | D        | Reached XP level 3. HP: 16/29 MP: 3/3
   149 | D        | Gained mutation: You have a pair of small antennae on your
                  | head. [demonic ancestry]
   149 | D        | Reached XP level 4. HP: 19/35 MP: 4/4
   341 | D        | Noticed Sigmund
   349 | D        | Killed Sigmund
   349 | D        | Reached ** piety under Trog
   349 | D        | Reached skill level 11 in Long Blades
   349 | D        | Gained mutation: You frequently emit foul miasma when
                  | damaged in melee. [demonic ancestry]
   349 | D        | Reached XP level 5. HP: 41/41 MP: 5/5
   376 | D        | Found an ornate altar of the Wu Jian Council.
   376 | D        | Found a deep blue altar of Sif Muna.
   378 | D        | Found a radiant altar of Vehumet.
   384 | D        | Gained mutation: You have a pair of antennae on your head.
                  | [demonic ancestry]
   384 | D        | Reached XP level 6. HP: 36/47 MP: 6/6
   410 | D        | Found Ikaunah's Food Emporium.
   410 | D        | Found an ancient bone altar of Kikubaaqudgha.
   410 | D        | Found a hazy altar of Hepliaklqana.
   410 | D        | Found a stormy altar of Qazlal.
   410 | D        | Found a hide-covered altar of Uskayaw.
   410 | D        | Found a blossoming altar of Fedhas.
   410 | D        | Found a bloodstained altar of Trog.
   410 | D        | Found an iron altar of Okawaru.
   410 | D        | Found a basalt altar of Yredelemnul.
   410 | D        | Found a glowing golden altar of the Shining One.
   410 | D        | Found a snail-covered altar of Cheibriados.
   410 | D        | Found a sacrificial altar of Ru.
   410 | D        | Found a glowing silver altar of Zin.
   410 | D        | Found a shadowy altar of Dithmenos.
   410 | D        | Found a white marble altar of Elyvilon.
   410 | D        | Noticed a yak
   411 | D        | Found an opulent altar of Gozag.
   427 | D        | Slain by a yak

Skill      XL: |  1  2  3  4 |
---------------+-------------+-----
Long Blades    | 5 8 11 | 11.8
Fighting       | |  3.0
Armour         | |  1.7
Dodging        | |  1.7

Action                   |  1- 3 |  4- 6 || total
-------------------------+-------+-------++-------
Melee: Falchion          |    18 |    26 ||    44
Invok: Berserk           |     2 |     1 ||     3
  Eat: Chunk             |       |     1 ||     1
Armor: Leather armour    |       |     1 ||     1
Dodge: Dodged            |     5 |    10 ||    15
       Rpst.: Falchion   |     1 |     1 ||     2
